 Dungeon Crawl Stone Soup version 0.30.1-9-gdf580d7c3d (webtiles) character file.

Game seed: 15461817781627635608

242247 Rizzler the Unseen (level 19, 0/149 HPs)
             Began as a Demonspawn Earth Elementalist on Oct 15, 2023.
             Was the Champion of Dithmenos.
             Drowned by a water elemental (7 damage)
             ... on level 3 of the Shoals on Oct 16, 2023.
             The game lasted 02:00:05 (42502 turns).

Rizzler the Unseen (Demonspawn Earth Elementalist) Turns: 42502, Time: 02:00:06

Health: 0/149      AC: 21    Str: 14    XL:     19   Next: 9%
Magic:  0/46       EV: 18    Int: 25    God:    Dithmenos [******]
Gold:   430        SH:  0    Dex: 24    Spells: 14/46 levels left

rFire   + + +        M - +5 dagger of Melee {freeze, Fragile rPois rF+ rC+++}
rCold   + + +        b - +1 buckler {rPois}
rNeg    . . .        p - +4 troll leather armour {Pargi}
rPois   +            J - +2 hat "Nyerugym" {rElec rF++ rC+}
rElec   +            I - +2 cloak
rCorr   .            O - +0 pair of gloves {infuse}
SInv    +            R - +1 pair of boots "Ybegeumo" {+Inv}
Will    +....        A - amulet of guardian spirit
Stlth   +++          C - ring "Nyrany" {Drain rElec AC+4 Int+8}
HPRegen 1.24/turn    l - ring "Zyps" {MP+9 Str+2 Dex+6 SInv}
MPRegen 0.30/turn

%: guardian spirit
@: confused, ambrosia-drunk, engulfed (cannot breathe), on berserk cooldown,
wreathed by umbra, invisible, very slow
A: rugged brown scales 2, powered by pain 2, demonic magic 2, demonic touch 2,
talons 1, deformed body, robust 1, noise suppression
}: 1/15 runes: gossamer
a: Renounce Religion, Evoke Invisibility, Shadow Step, Shadow Form


You were on level 3 of the Shoals.
You worshipped Dithmenos.
Dithmenos was exalted by your worship.
You visited 6 branches of the dungeon, and saw 29 of its levels.
You also visited: Sewer, Ice Cave and Volcano.

You collected 2905 gold pieces.
You spent 2475 gold pieces at shops.

Inventory:

Hand Weapons
 M - the +5 dagger of Melee (weapon) {freeze, Fragile rPois rF+ rC+++}
   (You found it in an ice cave)

   rF:        It protects you from fire.
   rC:        It renders you almost immune to cold.
   rPois:     It protects you from poison.
   Fragile:   It will be destroyed if unequipped.
Missiles
 c - 3 throwing nets
 x - 7 curare-tipped darts
Armour
 b - a +1 buckler of poison resistance (worn)
 p - a +4 troll leather armour (worn) {Pargi}
 z - a scarf of resistance
 I - a +2 cloak (worn)
 J - the +2 hat "Nyerugym" (worn) {rElec rF++ rC+}
   (You found it on level 3 of the Spider Nest)

   rF:        It greatly protects you from fire.
   rC:        It protects you from cold.
   rElec:     It insulates you from electricity.
 O - a +0 pair of gloves of infusion (worn)
 R - the +1 pair of boots "Ybegeumo" (worn) {+Inv}
   (You found it on level 4 of the Spider Nest)

   +Inv:      It lets you turn invisible.
 U - a +2 buckler of cold resistance
 Y - a scarf of invisibility
Jewellery
 l - the ring "Zyps" (right hand) {MP+9 Str+2 Dex+6 SInv}
   (You found it on level 1 of the Spider Nest)

   [ring of dexterity]

   Str:       It affects your strength (+2).
   Dex:       It affects your dexterity (+6).
   MP:        It affects your magic capacity (+9).
   SInv:      It lets you see invisible.
 A - an amulet of guardian spirit (around neck)
 C - the ring "Nyrany" (left hand) {Drain rElec AC+4 Int+8}
   (You found it on level 10 of the Dungeon)

   [ring of protection]

   AC:        It affects your AC (+4).
   Int:       It affects your intelligence (+8).
   rElec:     It insulates you from electricity.
   Drain:     It drains your maximum health when unequipped.
Wands
 f - a wand of light (3)
 s - a wand of paralysis (43)
 v - a wand of iceblast (46)
 w - a wand of mindburst (27)
 y - a wand of polymorph (22)
 N - a wand of digging (19)
Scrolls
 i - 4 scrolls of fog
 k - 2 scrolls of magic mapping
 m - 3 scrolls of fear
 o - 3 scrolls of butterflies
 q - 4 scrolls of immolation
 r - 2 scrolls of brand weapon
 B - 4 scrolls of blinking
 D - 6 scrolls of amnesia
 E - 14 scrolls of teleportation
 H - a scroll of enchant armour
 L - 10 scrolls of enchant weapon
 P - 2 scrolls of silence
 S - 2 scrolls of poison
Potions
 d - 2 potions of ambrosia
 e - 14 potions of curing
 g - 7 potions of lignification
 h - 5 potions of mutation
 j - 6 potions of attraction
 n - 4 potions of cancellation
 G - 6 potions of flight
 K - 2 potions of brilliance
 T - 4 potions of invisibility
Miscellaneous
 F - a lightning rod (inert)
 V - a box of beasts (inert)
 W - a condenser vane (inert)
 X - a phantom mirror


   Skills:
 + Level 6.6 Fighting
 + Level 8.4 Short Blades
 + Level 0.3 Maces & Flails
 + Level 0.1 Throwing
 + Level 5.8 Armour
 + Level 8.6 Dodging
 + Level 17.8 Stealth
 + Level 4.7 Shields
 + Level 14.3 Spellcasting
 + Level 12.0 Conjurations
 + Level 0.8 Transmutations
 + Level 13.6 Earth Magic
 + Level 4.2 Evocations


You had 14 spell levels left.
You knew the following spells:

 Your Spells              Type           Power      Damage    Failure   Level
a - Sandblast             Erth           100%       2d20      1%          1
b - Passwall              Tmut/Erth      43%        N/A       1%          2
c - Stone Arrow           Conj/Erth      100%       3d13      1%          3
d - Dazzling Flash        Conj/Hex       94%        N/A       1%          3
e - Summon Guardian Gole  Hex/Summ       17%        N/A       16%         3
f - Iskenderun's Mystic   Conj/Tloc      47%        2d10      4%          4
g - Petrify               Tmut/Erth      52%        N/A       2%          4
h - Swiftness             Air            17%        N/A       16%         3
i - Leda's Liquefaction   Hex/Erth       25%        N/A       3%          4
j - Lee's Rapid Deconstr  Erth           36%        3d18*     1%          5

Your spell library contained the following spells:

 Spells                   Type           Power      Damage    Failure   Level
 Magic Dart               Conj           100%       1d8       1%          1
 Shock                    Conj/Air       100%       1d9       1%          1
 Mephitic Cloud           Conj/Pois/Air  37%        N/A       3%          3
 Apportation              Tloc           34%        N/A       5%          1
 Necrotise                Necr           68%        1d7       5%          1
 Slow                     Hex            68%        N/A       5%          1
 Summon Small Mammal      Summ           68%        N/A       5%          1
 Call Imp                 Summ           34%        N/A       8%          2
 Ensorcelled Hibernation  Hex/Ice        34%        N/A       8%          2
 Lesser Beckoning         Tloc           34%        N/A       8%          2
 Call Canine Familiar     Summ           17%        N/A       16%         3
 Confusing Touch          Hex            17%        N/A       16%         3
 Frozen Ramparts          Ice            34%        1d6       16%         3
 Gell's Gravitas          Tloc           17%        N/A       16%         3
 Ozocubu's Armour         Ice            17%        N/A       16%         3
 Teleport Other           Tloc           17%        N/A       16%         3
 Tukima's Dance           Hex            17%        N/A       16%         3
 Vampiric Draining        Necr           17%        2d7       16%         3
 Volatile Blastmotes      Fire/Tloc      34%        2d12      16%         3
 Ice Form                 Ice/Tmut       20%        N/A       38%         4
 Statue Form              Tmut/Erth      34%        N/A       38%         6
 Airstrike                Air            8%         2d(2-18)  45%         4
 Manifold Assault         Tloc           17%        N/A       45%         4
 Passage of Golubria      Tloc           17%        N/A       45%         4
 Summon Ice Beast         Ice/Summ       17%        N/A       45%         4
 Starburst                Conj/Fire      23%        6d8       54%         6
 Yara's Violent Unravell  Hex/Tmut       10%        3d6       75%         5
 Summon Forest            Summ/Tloc      8%         N/A       82%         5
 Dispersal                Tloc           8%         N/A       100%        6
 Eringya's Noxious Bog    Tmut/Pois      10%        N/A       100%        6
 Ozocubu's Refrigeration  Ice            8%         4d9       100%        7
 Summon Hydra             Summ           8%         N/A       100%        7
 Disjunction              Tloc           8%         N/A       100%        8


Dungeon Overview and Level Annotations

Branches:
Dungeon (15/15)            Temple (1/1) D:6            Lair (4/5) D:11
 Shoals (3/4) Lair:2       Spider (4/4) Lair:2        Slime (0/5) Lair:4
    Orc (2/2) D:10            Elf (0/3) Orc:2        Vaults (0/5) D:13
 Depths (0/4) D:15          Sewer (visited)           IceCv (visited)
Volcano (visited)

Altars:
Ashenzari
Cheibriados
Dithmenos
Fedhas
Gozag
Hepliaklqana
Kikubaaqudgha
Makhleb
Nemelex Xobeh
Okawaru
Qazlal
Ru
Sif Muna
Trog
Uskayaw
Vehumet
Wu Jian
Xom
Yredelemnul

Shops:
D:5 [   D:12 ([(   Orc:1 *[([   Orc:2 ?(*?   Shoals:3 *

Portals:
Trove: D:10 (give +2 gold dragon scales)

Annotations:
Shoals:3 1 transporter, Rem's ghost, adept OpSu


Innate Abilities, Weirdness & Mutations

You are mostly covered in rugged brown scales. (AC +2, +5% HP)
You sometimes gain power by taking damage.
Spells you cast may paralyse nearby enemies.
Your touch may inflict irresistible damage on your foes.
You have sharp toenails.
Armour fits poorly on your strangely shaped body.
You are robust. (+10% HP)
You passively dampen the noise of your surroundings.


Message History

Rem's ghost hits you but does no damage.
The snapping turtle misses you.
Unknown command.
Unknown command.
You feel better.
You feel less invigorated.
* * * LOW HITPOINT WARNING * * *
Your lungs strain for air!
The mana viper barely misses you. The water elemental closely misses you.
Rem's ghost hits you but does no damage.
The snapping turtle misses you. The mana viper misses you.
Unknown command.
You hit the water elemental. You freeze the water elemental.
The water elemental is severely damaged.
* * * LOW HITPOINT WARNING * * *
Your lungs strain for air!
You block the water elemental's attack.
Rem's ghost hits you but does no damage.
The mana viper completely misses you.
You puncture the water elemental! You freeze the water elemental.
The water elemental is almost destroyed.
* * * LOW HITPOINT WARNING * * *
Your lungs strain for air!
The snapping turtle bites you from afar.
* * * LOW HITPOINT WARNING * * *
The water elemental barely misses you.
You hit the water elemental but do no damage.
The water elemental is almost destroyed.
* * * LOW HITPOINT WARNING * * *
Your lungs strain for air!
You block the mana viper's attack. You block Rem's ghost's attack.
The snapping turtle bites you from afar!
* * * LOW HITPOINT WARNING * * *
You emit a cloud of dark smoke.
Unknown command.
Unknown command.
Unknown command.
You cannot read scrolls while unable to breathe!
You are confused.
You feel invigorated.
You die...

..~~~.......>..~≈≈~~~~~~~~.....~~
...~............~~~~~~~~~.......~
.................~~~~~~~~..)?)..)
...............~~.~~~~~~.~~)))..~
..............~~###########))...~
..............~##8~.~~.~~8##~...~
..............~#8§..#~#.~~8#....~
..............~#S#§≈~#≈~.#.#...~~
..#'#..........#@WSX≈≈≈≈~.)#..~~~
..#.#8......~~.#E#tE§≈≈≈≈#E#.~~~≈
###.###.....~~©#SE#≈≈≈≈≈#=E#©≈≈≈≈
+..∩..+.....~~~#.#≈t≈≈≈≈~#$#~≈≈≈≈
###.###.......~#.~~≈≈≈≈≈..)#~≈≈~~
.8#.#..........#.#~~~#~≈~#~#~≈≈~.
..#'#.........~#8.~~#.#~.S8#.~~~~
.[............~##8...~~.~8##~~~.~
..............~~###########..~~~~


You could see a kraken, 2 sea snakes, a snapping turtle, a mana viper
(summoned), 3 water elementals and Rem's ghost.

Vanquished Creatures
  Arachne (Spider:4)
  Jorgrun (Spider:1)
  The ghost of fitz the Severer, an adept HOFi of Hepliaklqana (Spider:2)
  A kraken (Shoals:1)
  Gastronok (Lair:3)
  An azure jelly (IceCv)
  14 emperor scorpions
  Aizul (Shoals:1)
  7 ghost moths
  The ghost of sheffield53 the Eclecticist, a journeyman DECj of Sif Muna (Spider:1)
  6 broodmothers
  2 quicksilver oozes (IceCv)
  2 dire elephants (Spider:3)
  7 spark wasps
  A red draconian (Volcano)
  The ghost of lonewolfV2 the Basher, a journeyman FoFi of Gozag (D:12)
  4 merfolk impalers
  Fannar (Lair:2)
  2 entropy weavers (Spider:4)
  A jorogumo (Spider:3)
  5 hydras
  An alligator snapping turtle (Shoals:2)
  3 merfolk avatars
  3 ogre magi
  7 radroaches
  2 catoblepae
  4 centaur warriors
  2 merfolk aquamancers
  3 boulder beetles
  14 two-headed ogres
  2 satyrs
  6 death yaks (Lair:2)
  2 tengu warriors (D:15)
  2 orc high priests (Orc:1)
  A deep elf knight (Spider:3)
  Nergalle (Lair:2)
  4 skysharks
  Amaemon (Lair:2)
  7 pharaoh ants
  13 orb spiders
  5 sun moths
  4 sea snakes
  A deep elf archer (Spider:3)
  9 steelbarb worms
  A deep elf zephyrmancer (D:15)
  A wizard (D:15)
  13 harpies (Shoals:2)
  4 orc knights
  32 wolf spiders
  A necromancer (D:15)
  2 deep elf pyromancers
  11 ugly things
  6 cyclopes
  5 oklob plants
  6 fauns
  13 orc sorcerers
  10 manticores
  2 merfolk sirens
  2 centaur zombies (D:15)
  6 moths of wrath
  An elephant (D:11)
  An orange demon (Lair:2)
  2 ice statues (IceCv)
  2 black mambas
  5 water nymphs
  8 demonic crawlers
  10 cane toads
  A naga mage (D:15)
  A centaur skeleton (D:15)
  3 gargoyles
  6 torpor snails
  Maggie (Lair:2)
  2 unseen horrors
  A freezing wraith (D:13)
  2 komodo dragons
  6 rime drakes
  A yaktaur (shapeshifter) (D:14)
  20 merfolk
  A troll (shapeshifter) (D:14)
  6 trolls
  4 meliai
  3 wolf spider simulacra (D:15)
  11 hornets
  A wind drake (shapeshifter) (D:13)
  2 wind drakes
  24 tarantellas
  3 dream sheep (Shoals:3)
  3 polar bears
  9 snapping turtles
  A raiju (Spider:3)
  A centaur simulacrum (D:15)
  33 jumping spiders
  19 slime creatures
  Sigmund (D:3)
  8 water elementals
  A shadow (D:12)
  13 culicivoras
  A wraith (D:11)
  30 yaks
  The ghost of Gatsu the Trooper, an amateur HOFi of Beogh (D:4)
  6 wyverns
  3 vampire mosquitoes (D:11)
  29 redbacks
  2 basilisks
  10 wargs
  An acid dragon (shapeshifter) (D:13)
  2 acid dragons
  7 water moccasins
  4 great orb of eyes simulacra (IceCv)
  3 sky beasts
  Pargi (Sewer)
  3 black bears
  21 orc warriors
  6 wolves
  9 ogres
  7 centaurs
  2 slime creature simulacra (IceCv)
  A phantom (D:4)
  3 kobold brigands
  Blork the orc (D:5)
  13 bullfrogs
  2 two-headed ogre simulacra (D:13)
  2 gnoll sergeants
  A cane toad simulacrum (D:13)
  4 scorpions (Spider:1)
  9 wights
  4 glowing shapeshifter simulacra (IceCv)
  8 killer bees (D:8)
  2 elephant simulacra (D:13)
  7 electric eels
  3 howler monkeys
  15 jellies
  A gnoll bouda (D:9)
  11 orc priests
  3 hounds
  A sleepcap (D:5)
  3 iguanas (D:5)
  Ijyb (D:3)
  41 orc wizards
  A polar bear simulacrum (D:13)
  8 shapeshifter simulacra (IceCv)
  A troll simulacrum (D:13)
  8 adders
  18 gnolls
  A naga simulacrum (D:13)
  A river rat (D:4)
  A shadow imp (D:7)
  2 ufetubi
  2 worms (D:4)
  A dart slug (D:1)
  87 orcs
  7 endoplasms
  3 giant cockroaches (D:1)
  19 goblins
  14 hobgoblins
  9 jackals
  21 kobolds
  2 quokkas
  11 ball pythons
  5 bats
  9 frilled lizards
  9 rats
1014 creatures vanquished.

Vanquished Creatures (others)
  An ogre mage (Orc:1)
  A harpy (Shoals:2)
  A slime creature (IceCv)
  A culicivora (Spider:4)
  An orc priest (Orc:2)
  An orc wizard (Orc:2)
  7 tentacles (Shoals:3)
13 creatures vanquished.

Grand Total: 1027 creatures vanquished

Notes
Turn   | Place    | Note
-------+----------+-------------------------------------------
     0 | D:1      | Rizzler the Demonspawn Earth Elementalist began the quest
                  | for the Orb.
     0 | D:1      | Reached XP level 1. HP: 13/13 MP: 3/3
   182 | D:1      | Gained mutation: Spells you cast may paralyse adjacent
                  | enemies. [demonic ancestry]
   182 | D:1      | Reached XP level 2. HP: 9/19 MP: 0/5
   434 | D:1      | Learned a level 2 spell: Passwall
   791 | D:1      | Reached skill level 2 in Stealth
  1168 | D:1      | Reached XP level 3. HP: 24/24 MP: 3/6
  1369 | D:2      | Learned a level 3 spell: Stone Arrow
  1470 | D:2      | Gained mutation: You sometimes gain a little power by
                  | taking damage. [demonic ancestry]
  1470 | D:2      | Reached XP level 4. HP: 24/30 MP: 6/8
  1650 | D:2      | Found a faded altar of an unknown god.
  2036 | D:2      | Reached skill level 3 in Stealth
  2381 | D:2      | Learned a level 3 spell: Dazzling Flash
  2491 | D:3      | Identified the +3 sling of Tieh {flame, rF+}
  2560 | D:3      | Reached XP level 5. HP: 31/35 MP: 5/9
  2637 | D:3      | Noticed Ijyb
  2642 | D:3      | Paralysed by Ijyb for 3 turns
  2647 | D:3      | Killed Ijyb
  2711 | D:3      | Noticed Sigmund
  2720 | D:3      | Killed Sigmund
  2721 | D:3      | Reached skill level 4 in Stealth
  2721 | D:3      | Gained mutation: You are partially covered in rugged brown
                  | scales. (AC +1, +3% HP) [demonic ancestry]
  2721 | D:3      | Reached XP level 6. HP: 30/43 MP: 8/11
  3116 | D:3      | Learned a level 3 spell: Summon Guardian Golem
  3275 | D:4      | Found a runed translucent gate.
  3275 | D:4      | Found a runed translucent gate.
  3277 | D:4      | Found a runed translucent gate.
  3283 | D:4      | Noticed Gatsu's ghost (amateur HOFi)
  3709 | D:4      | Found a glowing drain.
  3721 | Sewer    | Entered a sewer
  3801 | Sewer    | Noticed Pargi
  3806 | Sewer    | Killed Pargi
  4327 | D:5      | Entered Level 5 of the Dungeon
  4421 | D:5      | Gained mutation: Your touch may inflict minor irresistible
                  | damage on your foes. [demonic ancestry]
  4421 | D:5      | Reached XP level 7. HP: 48/48 MP: 10/13
  4674 | D:5      | Noticed Blork the orc
  4679 | D:5      | Killed Blork the orc
  4742 | D:5      | Found Deicadd's Antique Armour Boutique.
  4758 | D:5      | Bought a shiny helmet for 195 gold pieces
  5020 | D:5      | Reached skill level 1 in Armour
  5072 | D:5      | Reached skill level 5 in Spellcasting
  5308 | D:5      | Found a snail-covered altar of Cheibriados.
  5644 | D:6      | Reached skill level 5 in Earth Magic
  5649 | D:6      | Reached skill level 5 in Stealth
  5651 | D:6      | Gained mutation: You are mostly covered in rugged brown
                  | scales. (AC +2, +5% HP) [demonic ancestry]
  5651 | D:6      | Reached XP level 8. HP: 45/55 MP: 8/16
  5887 | D:6      | Found a staircase to the Ecumenical Temple.
  5942 | Temple   | Entered the Ecumenical Temple
  6167 | D:6      | Reached skill level 1 in Short Blades
  6587 | D:6      | Learned a level 4 spell: Iskenderun's Mystic Blast
  6592 | D:6      | Learned a level 4 spell: Petrify
  6890 | D:7      | Found a stormy altar of Qazlal.
  7129 | D:7      | Found a hide-covered altar of Uskayaw.
  7276 | D:7      | Gained mutation: You passively dampen the noise of your
                  | surroundings. [potion of mutation]
  7276 | D:7      | Gained mutation: You are robust. (+10% HP) [potion of
                  | mutation]
  7276 | D:7      | Gained mutation: Armour fits poorly on your strangely
                  | shaped body. [potion of mutation]
  7276 | D:7      | Gained mutation: You have sharp toenails. [potion of
                  | mutation]
  7299 | D:7      | Reached XP level 9. HP: 66/66 MP: 19/19
  7521 | D:8      | Reached skill level 6 in Stealth
  7595 | D:8      | Killed an unseen horror
  7897 | D:8      | Reached skill level 1 in Fighting
  8208 | D:8      | Identified a scroll of acquirement
  8208 | D:8      | Acquired the +2 quick blade of Okid {flame, rN+}
  8328 | D:8      | Identified the +2 robe of the Modern God {*Slow Dex+4}
  8536 | D:9      | Identified the +1 scale mail "Hats" {rN+}
  8548 | D:8      | Reached skill level 7 in Stealth
  8589 | D:9      | Reached XP level 10. HP: 72/76 MP: 16/22
  8774 | D:9      | Noticed a two-headed ogre
  8795 | D:9      | Killed a two-headed ogre
  9210 | D:10     | Entered Level 10 of the Dungeon
  9278 | D:10     | Identified the +2 flail "Tiom" {distort, rC+}
  9279 | D:10     | Identified the ring "Nyrany" {Drain rElec AC+4 Int+8}
  9302 | D:10     | Found a sparkling altar of Nemelex Xobeh.
  9304 | D:10     | Found a broken altar of Ashenzari.
  9357 | D:10     | Found a portal to a secret trove of treasure.
  9541 | D:10     | Found a staircase to the Orcish Mines.
  9559 | D:10     | Reached skill level 8 in Stealth
  9643 | D:10     | Found a shadowy altar of Dithmenos.
  9728 | D:10     | Became a worshipper of Dithmenos the Shadowed
  9783 | D:10     | Reached skill level 1 in Evocations
  9784 | D:10     | Reached skill level 1 in Conjurations
 10278 | D:10     | Found a shimmering blue altar of Sif Muna.
 10583 | D:11     | Noticed a two-headed ogre
 10771 | D:11     | Noticed a gargoyle
 10778 | D:11     | Killed a gargoyle
 10779 | D:11     | Reached XP level 11. HP: 82/82 MP: 13/23
 10883 | D:11     | Noticed a cyan ugly thing
 10891 | D:11     | Killed a cyan ugly thing
 10891 | D:11     | Reached * piety under Dithmenos
 10892 | D:11     | Reached skill level 9 in Stealth
 11002 | D:11     | Found a staircase to the Lair.
 11536 | Lair:1   | Entered Level 1 of the Lair of Beasts
 11904 | Lair:1   | Found a shadowy altar of Dithmenos.
 11904 | Lair:1   | Noticed an oklob plant
 11912 | Lair:1   | Killed an oklob plant
 12250 | Lair:1   | Noticed a catoblepas
 12257 | Lair:1   | Killed a catoblepas
 12258 | Lair:1   | Reached skill level 10 in Stealth
 12646 | Lair:2   | Noticed a death yak
 12646 | Lair:2   | Noticed a death yak
 12647 | Lair:2   | Noticed a death yak
 12647 | Lair:2   | Noticed a death yak
 12647 | Lair:2   | Noticed a death yak
 12647 | Lair:2   | Noticed a death yak
 12654 | Lair:2   | Killed a death yak
 12654 | Lair:2   | Killed a death yak
 12665 | Lair:2   | Killed a death yak
 12916 | Lair:2   | Noticed Maggie
 12922 | Lair:2   | Noticed Nergalle
 12924 | Lair:2   | Killed Maggie
 12932 | Lair:2   | Killed Nergalle
 12933 | Lair:2   | Gained mutation: Your touch may inflict irresistible damage
                  | on your foes. [demonic ancestry]
 12933 | Lair:2   | Reached XP level 12. HP: 75/93 MP: 14/25
 13275 | Lair:2   | Killed a death yak
 13275 | Lair:2   | Killed a death yak
 13278 | Lair:2   | Killed a death yak
 13278 | Lair:2   | Reached ** piety under Dithmenos
 13334 | Lair:2   | Found a hole to the Spider Nest.
 13403 | Lair:2   | Noticed Amaemon
 13409 | Lair:2   | Reached skill level 10 in Spellcasting
 13415 | Lair:2   | Killed Amaemon
 13416 | Lair:2   | Reached skill level 5 in Conjurations
 13524 | Lair:2   | Noticed Fannar
 13533 | Lair:2   | Killed Fannar
 13534 | Lair:2   | Reached skill level 11 in Stealth
 13762 | Lair:2   | Found a staircase to the Shoals.
 14351 | Lair:3   | Acquired a +0 pair of gloves of infusion
 14731 | Lair:3   | Noticed Gastronok
 14736 | Lair:3   | Killed Gastronok
 14910 | Lair:3   | Noticed a catoblepas
 14921 | Lair:3   | Killed a catoblepas
 15269 | Lair:3   | Learned a level 3 spell: Swiftness
 15367 | Orc:1    | Entered Level 1 of the Orcish Mines
 15369 | Orc:1    | Found Puirchaet's Antique Armour Boutique.
 15387 | Orc:1    | Bought a pair of glowing boots for 232 gold pieces
 15453 | Orc:1    | Gained mutation: You sometimes gain power by taking damage.
                  | [demonic ancestry]
 15453 | Orc:1    | Reached XP level 13. HP: 98/100 MP: 11/27
 15684 | Orc:1    | Found Vyohung's Antique Armour Shop.
 15687 | Orc:1    | Reached *** piety under Dithmenos
 15724 | Orc:1    | Found Poul's Antique Weapon Emporium.
 15724 | Orc:1    | Found Juzanaq's General Store.
 15736 | Orc:1    | Paralysed by something for 4 turns
 15740 | Orc:1    | Reached skill level 12 in Stealth
 15983 | Orc:1    | Bought a +1 buckler of poison resistance for 202 gold
                  | pieces
 15991 | Orc:1    | Bought a pair of glowing boots for 262 gold pieces
 16255 | Orc:1    | Reached skill level 10 in Earth Magic
 16667 | Orc:1    | Reached skill level 5 in Short Blades
 16849 | Orc:2    | Entered Level 2 of the Orcish Mines
 16857 | Orc:2    | Reached **** piety under Dithmenos
 17206 | Orc:2    | Found a dark tunnel.
 17230 | Volcano  | Entered a volcano
 17249 | Volcano  | Found a radiant altar of Vehumet.
 17250 | Volcano  | Noticed a red draconian
 17381 | Volcano  | Killed a red draconian
 17486 | Volcano  | Reached skill level 5 in Dodging
 17491 | Volcano  | Reached skill level 1 in Shields
 17776 | Orc:2    | Found a staircase to the Elven Halls.
 18042 | Orc:2    | Reached ***** piety under Dithmenos
 18227 | Orc:2    | Found Daolol's Magic Scroll Boutique.
 18227 | Orc:2    | Found Zykageat's General Store.
 18346 | Orc:2    | Bought a scroll of enchant weapon for 112 gold pieces
 18346 | Orc:2    | Bought a scroll of teleportation for 45 gold pieces
 18346 | Orc:2    | Bought a scroll of teleportation for 45 gold pieces
 18355 | Orc:2    | Bought 3 scrolls of teleportation for 126 gold pieces
 18614 | Orc:2    | Found Keusuvei's Antique Weapon Boutique.
 18614 | Orc:2    | Found Katweuv's Magic Scroll Shoppe.
 18790 | Orc:2    | Bought a scroll of teleportation for 51 gold pieces
 18790 | Orc:2    | Bought a scroll of blinking for 127 gold pieces
 19369 | Lair:4   | Found a staircase to the Slime Pits.
 19634 | Lair:4   | Reached XP level 14. HP: 109/109 MP: 28/29
 21188 | D:12     | Reached skill level 13 in Stealth
 21359 | D:12     | Found Lifanup's Armour Shoppe.
 21360 | D:12     | Found Leucoara's Weapon Shoppe.
 21361 | D:12     | Found Vunisergh's Weapon Shoppe.
 21652 | D:12     | Found a large runed translucent door.
 21653 | D:12     | Found a large runed translucent door.
 21663 | D:12     | Noticed lonewolfV2's ghost (journeyman FoFi)
 21680 | D:12     | Killed lonewolfV2's ghost
 22146 | D:13     | Found a gate to the Vaults.
 22317 | D:13     | Found a frozen archway.
 22340 | IceCv    | Entered an ice cave
 22964 | IceCv    | Reached ****** piety under Dithmenos
 23261 | IceCv    | Noticed a quicksilver ooze
 23270 | IceCv    | Killed a quicksilver ooze
 23449 | IceCv    | Noticed a quicksilver ooze
 23554 | IceCv    | Killed a quicksilver ooze
 23761 | IceCv    | Found a viscous altar of Jiyva.
 23761 | IceCv    | Noticed an azure jelly
 23771 | IceCv    | Killed an azure jelly
 23835 | IceCv    | Got the +5 dagger of Melee {freeze, Fragile rPois rF+
                  | rC+++}
 26020 | D:14     | Reached XP level 15. HP: 116/116 MP: 27/31
 26353 | D:14     | Reached skill level 14 in Stealth
 26707 | D:15     | Entered Level 15 of the Dungeon
 27164 | D:15     | Found a burning altar of Makhleb.
 27361 | D:15     | Reached skill level 5 in Fighting
 27384 | D:15     | Found a staircase to the Depths.
 27543 | D:15     | Identified the +2 sling of Wariness {heavy, Fragile rPois
                  | MP+9 Dex+3}
 28020 | D:4      | Killed Gatsu's ghost
 28126 | D:4      | Learned a level 4 spell: Leda's Liquefaction
 28132 | D:4      | Learned a level 5 spell: Lee's Rapid Deconstruction
 28902 | Orc:2    | Bought a potion of haste for 140 gold pieces
 29008 | Orc:1    | Bought a box of beasts for 600 gold pieces
 29171 | Spider:1 | Entered Level 1 of the Spider Nest
 29171 | Spider:1 | Noticed Jorgrun
 29186 | Spider:1 | Killed Jorgrun
 29648 | Spider:1 | Noticed an emperor scorpion
 29687 | Spider:1 | Noticed an emperor scorpion
 29708 | Spider:1 | Noticed sheffield53's ghost (journeyman DECj)
 30137 | Spider:1 | Found a transporter.
 30139 | Spider:1 | Found a transporter.
 30534 | Spider:1 | Noticed an emperor scorpion
 30534 | Spider:1 | Noticed an emperor scorpion
 30540 | Spider:1 | Killed an emperor scorpion
 30548 | Spider:1 | Killed an emperor scorpion
 30936 | Spider:1 | Reached skill level 10 in Conjurations
 30937 | Spider:1 | Reached skill level 5 in Armour
 30939 | Spider:1 | Killed an emperor scorpion
 31423 | Spider:1 | Killed an emperor scorpion
 31425 | Spider:1 | Reached skill level 15 in Stealth
 31766 | Spider:1 | Killed sheffield53's ghost
 31891 | Spider:1 | Identified the ring "Zyps" {MP+9 Str+2 Dex+6 SInv}
 31898 | Spider:1 | Identified the staff of death "Rish" {rN+ Will+}
 32295 | Spider:2 | Gained mutation: Spells you cast may paralyse nearby
                  | enemies. [demonic ancestry]
 32295 | Spider:2 | Reached XP level 16. HP: 105/125 MP: 18/33
 34222 | Spider:3 | Noticed fitz's ghost (adept HOFi)
 34321 | Spider:3 | Found a runed translucent gate.
 34321 | Spider:3 | Found a runed translucent gate.
 34321 | Spider:3 | Found a runed translucent gate.
 34364 | Spider:3 | Reached skill level 16 in Stealth
 35159 | Spider:2 | Killed fitz's ghost
 35409 | Spider:3 | Identified the +2 hat "Nyerugym" {rElec rF++ rC+}
 35450 | Spider:4 | Entered Level 4 of the Spider Nest
 35554 | Spider:4 | Noticed Arachne
 35861 | Spider:4 | Killed Arachne
 36007 | Spider:4 | Reached XP level 17. HP: 133/133 MP: 21/34
 37265 | Spider:4 | Reached skill level 17 in Stealth
 37279 | Spider:4 | Got a gossamer rune of Zot
 37705 | Spider:4 | Identified the +1 pair of boots "Ybegeumo" {+Inv}
 37720 | Spider:4 | Reached XP level 18. HP: 143/143 MP: 35/35
 38103 | Shoals:1 | Entered Level 1 of the Shoals
 38549 | Shoals:1 | Noticed Aizul
 38555 | Shoals:1 | Killed Aizul
 41442 | Shoals:3 | Found a transporter.
 41445 | Shoals:3 | Found a transporter.
 41452 | Shoals:3 | Noticed Rem's ghost (adept OpSu)
 41475 | Shoals:3 | Reached XP level 19. HP: 78/149 MP: 2/37
 41805 | Shoals:3 | Found Vailas's Assorted Antiques.
 41873 | Shoals:3 | Bought a potion of heal wounds for 130 gold pieces
 41873 | Shoals:3 | Bought a potion of magic for 208 gold pieces
 42501 | Shoals:3 | HP: 2/149 [snapping turtle (14)]
 42502 | Shoals:3 | Drowned by a water elemental

Illustrated notes

Levels and vault maps discovered:
D:1:      saegor_arrival_simple_c, layout_basic
D:2:      cheibrodos_greedy_goblins, layout_basic,
          shapermc_ecumenical_altar_notcrosses
D:3:      layout_rooms, uniq_sigmund, uniq_ijyb
D:4:      layout_loops_ring, portal_sewer_entry_b, gammafunk_ghost_split
D:5:      layout_basic, chei_slow_surprise, kennysheep_diamond, nicolae_sextant,
          uniq_blork_the_orc
D:6:      layout_loops_ring, temple_hall, grunt_ministairs_3, chequers_garden,
          solitary_fountain
D:7:      layout_cave_pools, nicolae_overflow_crystal_walls,
          mainiacjoe_overflow_six_doors_small, water_maze_lemuel
D:8:      layout_basic
D:9:      layout_cave_pools
D:10:     layout_basic, lemuel_doored_altar, minitemple,
          mainiacjoe_overflow_alcove_1, david_orc_3,
          nicolae_trove_entry_crossroad, feat_on_display
D:11:     layout_rooms, david_lair_generic
D:12:     layout_small_grid, ebering_ghost_disaster_area,
          hangedman_decor_diamond_cutter, nicolae_shop_distant_corner_stores
D:13:     wad_mega_maze, layout_basic, portal_ice_cave_entry_ice_simulacra
D:14:     layout_stronghold
D:15:     grunt_enter_depths_magical_seal, layout_gridville, bloody_makhleb
Temple:   hellmonk_temple_two_chambers
Lair:1:   layout_gridlike, lemuel_oklob_altar
Lair:2:   layout_regular_city, minmay_shoals_entry_beasts,
          nicolae_spider_entry_orb_guardian, dreamdust_mushroom_princess,
          grunt_megastairs_5, lemuel_fruit_fields, uniq_fannar, uniq_amaemon,
          uniq_nergalle, uniq_maggie
Lair:3:   layout_loops_ring, beast_lair_carwin_2, grunt_megastairs_3,
          infiniplex_staircase_pool, serial_bayou_shore_a, uniq_gastronok
Lair:4:   minmay_lair_oklob_tunnel, layout_regular_city,
          minmay_slime_entry_jelly_boxes, minmay_hedge_maze
Shoals:1: layout_shoals, uniq_aizul
Shoals:2: layout_shoals
Shoals:3: layout_shoals, ebering_ghost_davey_jones, serial_shops,
          nicolae_shop_hallway_plus
Spider:1: spiders_nest_scorpion_pit, gammafunk_ghost_arena, uniq_jorgrun
Spider:2: layout_spider_delve, hellmonk_narrow_tunnel
Spider:3: layout_cave_pods, gammafunk_ghost_split, beargit_elvish_explorers
Spider:4: guppyfry_spider_rune, hellmonk_spider_spawner, uniq_arachne
Orc:1:    layout_diamond_mine, serial_shops, nicolae_shop_trees,
          guppyfry_orc_lava_fort
Orc:2:    st_orc_town, layout_caves, special_room,
          nicolae_volcano_entry_two_sided

Skill      XL: |  1  2  3  4  5  6  7  8  9 10 11 12 13 14 15 16 17 18 19 |
---------------+----------------------------------------------------------+-----
Earth Magic    | 3 4 5 6 7 8 9 10 11 12 13 | 13.6
Stealth        | 2 3 4 5 7 8 10 11 12 13 15 16 17 | 17.8
Spellcasting   | 3 4 5 6 8 9 10 11 12 13 14 | 14.3
Dodging        | 2 3 4 5 6 7 8 |  8.6
Armour         | 1 2 3 4 5 |  5.8
Short Blades   | 1 3 4 5 6 7 8 |  8.4
Fighting       | 1 2 3 4 5 6 |  6.6
Evocations     | 2 3 4 |  4.2
Conjurations   | 1 4 6 7 9 10 11 12 | 12.0
Shields        | 1 2 3 4 |  4.7
Maces & Flails | |  0.3
Throwing       | |  0.1
Transmutations | |  0.8

Action                     |  1- 3 |  4- 6 |  7- 9 | 10-12 | 13-15 | 16-18 | 19-21 || total
---------------------------+-------+-------+-------+-------+-------+-------+-------++-------
  Melee: Mace              |    16 |       |       |       |       |       |       ||    16
         Dagger            |    12 |    41 |    60 |       |   122 |   417 |    77 ||   729
         Punch             |       |     1 |     2 |     1 |     1 |       |       ||     5
         Touch             |       |       |     9 |    12 |     7 |       |       ||    28
         Quick blade       |       |       |    15 |   115 |   319 |       |       ||   449
         Kick              |       |       |     3 |    22 |       |       |       ||    25
  Throw: Dart              |       |       |       |     1 |       |       |       ||     1
   Cast: Sandblast         |    39 |    80 |   134 |    12 |    22 |       |     6 ||   293
         Stone Arrow       |       |       |       |   178 |   451 |   316 |    34 ||   979
  Evoke: Wand              |       |       |       |    11 |    10 |       |     2 ||    23
         Lightning rod     |       |       |       |     7 |       |       |     4 ||    11
         Box of beasts     |       |       |       |       |       |     1 |     1 ||     2
         Phantom mirror    |       |       |       |       |       |     1 |       ||     1
         Condenser vane    |       |       |       |       |       |     1 |     1 ||     2
    Use: Scroll            |       |    16 |     9 |     9 |     6 |     2 |     1 ||    43
         Potion            |       |     1 |     2 |       |    10 |     4 |    12 ||    29
   Stab: Paralysed         |     9 |    20 |    34 |    37 |    74 |    64 |     4 ||   242
         Sleeping          |     3 |     7 |    11 |    35 |    91 |    90 |     4 ||   241
         Distracted        |       |       |       |       |       |     1 |       ||     1
 Armour: Robe              |     9 |    17 |       |       |       |       |       ||    26
         Troll leather arm |       |     6 |    89 |    59 |   304 |   260 |    43 ||   761
  Dodge: Dodged            |    34 |    52 |    91 |   105 |   287 |   480 |   103 ||  1152
  Block: Buckler           |       |       |       |       |   104 |   230 |    38 ||   372
